AoeStats
← Pendergast

Arena

506301046Analyzed
3v3 RM · 18d ago on Sep 13, 2026· 27m 25s· 6 players
Game mode
Random Map
Map size
Normal (6 player)
Population
200
Speed
Normal
Resources
Standard
Victory
Conquest
Starting age
Dark Age
Ending age
Imperial Age
RankedLock teamsTeams togetherTeam positionsShared explorationLock speedFull tech treeHidden civsTurbo modeCheats
Victory
Defeat
🇵🇪 Malay · Peru
808
+17
🇵🇪 Burgundians · Peru
808
+17
🇵🇪 Italians · Peru
807
+17
🇦🇺 Persians · Australia
846
-17
🇦🇺 Chinese · Australia
838
-17
🇦🇺 Turks · Australia
818
-17
Pendergast
11:36 Feudal Age
14:58 Castle Age
13:28 Double-Bit Axe
17:02 Bow Saw
19:25 Imperial Age
17:17 Squires
17:04 Arson
18:00 Loom
21:19 Forging
26:53 Capped Ram
arzet!!!
0:36 Loom
11:15 Feudal Age
15:54 Horse Collar
16:06 Double-Bit Axe
18:45 Gold Mining
22:31 Wheelbarrow
25:15 Town Watch
Quepex
10:47 Feudal Age
9:39 Double-Bit Axe
10:38 Wheelbarrow
17:56 Stone Mining
21:57 Gold Mining
24:07 Horse Collar
25:35 Gold Shaft Mining
mcfc_kez
11:19 Feudal Age
14:45 Loom
18:27 Castle Age
16:39 Horse Collar
16:47 Double-Bit Axe
16:57 Stone Mining
19:57 Heavy Plow
20:02 Fletching
20:41 Kamandaran
21:07 Crossbowman
Big Boy McCoy
0:28 Loom
11:45 Feudal Age
17:19 Castle Age
15:54 Double-Bit Axe
16:21 Horse Collar
20:49 Pikeman
22:27 Padded Archer Armor
DanCNuggets
13:03 Feudal Age
15:35 Wheelbarrow
17:34 Castle Age
15:38 Double-Bit Axe
15:48 Stone Mining
15:49 Horse Collar
23:23 Fletching
23:34 Padded Archer Armor
26:23 Bow Saw
Connection lost

Rejoining the realm…

Still unreachable

The connection could not be restored.

Session expired

The server has moved on; the page needs a fresh start.